 Dungeon Crawl Stone Soup version 0.31-a0-263-ge8cad7f256 (webtiles) character file.

Game seed: 3494007919394807866

104 qw the Shooter (level 4, -3/26 HPs)
             Began as a Gargoyle Hexslinger on July 13, 2023.
             Slain by Edmund
             ... wielding a +0 dire flail of venom
              (13 damage)
             ... on level 4 of the Dungeon.
             The game lasted 00:00:43 (2368 turns).

qw the Shooter (Gargoyle Hexslinger)                Turns: 2368, Time: 00:00:44

Health: -3/26      AC:  9    Str: 11    XL:     4   Next: 80%
Magic:  5/5        EV: 10    Int: 14    God:
Gold:   115        SH:  5    Dex: 14    Spells: 4/5 levels left

rFire   . . .        e - +5 orcbow (heavy)
rCold   . . .        (shield currently unavailable)
rNeg    + . .        h - +0 ring mail
rPois   inf          a - +0 helmet
rElec   +            (no cloak)
rCorr   .            (no gloves)
SInv    .            (no boots)
Will    .....        f - amulet of reflection
Stlth   +            (no ring)
HPRegen 0.24/turn    (no ring)
MPRegen 0.09/turn

%: reflection
@: no status effects
A: sickness immunity, AC +3, negative energy resistance 1, electricity
resistance, torment resistance 1, petrification resistance
a: no special abilities


You were on level 4 of the Dungeon.
You visited 1 branch of the dungeon, and saw 4 of its levels.

You collected 115 gold pieces.


Innate Abilities, Weirdness & Mutations

You are immune to sickness and miasma.
Your stone body is resilient. (AC +3)
You are immune to poison.
You resist negative energy. (rN+)
You are resistant to electric shocks. (rElec)
You are resistant to unholy torment.
You are immune to petrification.


   Skills:
 - Level 2.0 Fighting
 - Level 4.5 Ranged Weapons
 + Level 0.0 Armour
 - Level 1.5 Dodging
 - Level 1.0 Spellcasting
 - Level 2.6 Hexes


You had 4 spell levels left.
You knew the following spells:

 Your Spells              Type           Power      Damage    Failure   Level
a - Slow                  Hex            32%        N/A       22%         1

Your spell library contained the following spells:

 Spells                   Type           Power      Damage    Failure   Level
 Inner Flame              Hex/Fire       4%         N/A       73%         3
 Portal Projectile        Hex/Tloc       8%         N/A       73%         3
 Cause Fear               Hex            4%         N/A       91%         4

Inventory:

Hand Weapons
 e - a +5 heavy orcbow (weapon)
Armour
 a - a +0 helmet (worn)
 h - a +0 ring mail (worn)
Jewellery
 f - an amulet of reflection (around neck)
Scrolls
 i - a scroll of identify
 k - a scroll of teleportation
Potions
 b - a potion of curing
 c - a potion of haste
 d - a potion of enlightenment {unknown}
 g - a potion of heal wounds

Dungeon Overview and Level Annotations

Branches:
Dungeon (4/15)
 Temple: D:4-7

Altars:
Ashenzari
Elyvilon
Xom

Annotations:
D:3 1 runed translucent door, Crazy Yiuf
D:4 Edmund


Message History

c - a potion of haste
2270 ||| IDENTIFYING fuming sapphire potion Crazy Yiuf glowers.
Could not explore, unopened runed door.
(D) Dungeon
Where to? (* - list waypoints, Enter - D:3, ? - help)
What level of the Dungeon? (default 1, ? - help)
There is an open door here.
You open the door.
There is an open door here.
You open the door.
There is an open door here.
There is a stone staircase leading down here.
You climb downwards.
There is a stone staircase leading up here.
Waypoint 3 assigned to D:4.
Edmund the Younger comes into view.
He is wielding a +0 dire flail of venom.
Found 12 gold pieces.
Edmund moves out of view.
You shoot an arrow. The arrow closely misses Edmund.
You hear a shout!
A kobold comes into view.
It is wielding a +0 club and quivering poisoned darts.
You shoot an arrow.
The arrow hits Edmund but does no damage.
The kobold throws a poisoned dart.
The poisoned dart hits you!
Edmund hits you with a +0 dire flail of venom.
You shoot an arrow. The arrow hits Edmund!
Edmund is moderately wounded.
Edmund hits you with a +0 dire flail of venom!
The kobold throws a poisoned dart.
The poisoned dart barely misses you. Edmund barely misses you.
You shoot an arrow. The arrow hits Edmund.
Edmund is moderately wounded.
Edmund hits you with a +0 dire flail of venom.
The kobold hits you but does no damage. Edmund hits you but does no damage.
You block the kobold's attack.
You shoot an arrow. The arrow hits Edmund!
Edmund is severely wounded.
Edmund hits you with a +0 dire flail of venom!
Ouch! That really hurt!
You die...

## ######## ..
#.....<#
#.####
#.###### ..$#
#.#
###.##.###.#
#....K@....#
#.....@....###
#.#.##.##....+
# #.##..###
#.##....+
#...#.###
.......
..........
..........


You could see Edmund and a kobold.

Vanquished Creatures
  Robin (D:2)
  3 adders
  A worm (D:2)
  2 dart slugs (D:2)
  9 bats
  5 endoplasms
  A giant cockroach (D:3)
  12 goblins
  6 hobgoblins
  5 kobolds
  A quokka (D:3)
  3 ball pythons
  3 rats
52 creatures vanquished.

Notes
Turn   | Place    | Note
-------+----------+-------------------------------------------
     0 | D:1      | qw the Gargoyle Hexslinger began the quest for the Orb.
     0 | D:1      | Reached XP level 1. HP: 12/12 MP: 2/2
     0 | D:1      | 0 ||| qw: Version: 0.3-a-52-g30416fa
     0 | D:1      | 0 ||| qw: Game counter: 7322
     0 | D:1      | 0 ||| qw: Melee chars always use a shield: true
     0 | D:1      | 0 ||| qw: God list: Okawaru
     0 | D:1      | 0 ||| qw: Allow faded altars: false
     0 | D:1      | 0 ||| qw: Do Orc after clearing Dungeon:15 true
     0 | D:1      | 0 ||| qw: Do second Lair branch before Depths: true
     0 | D:1      | 0 ||| qw: Lair rune preference: random
     0 | D:1      | 0 ||| qw: Goals: Normal
     0 | D:1      | 0 ||| PLANNING D:1-11
   211 | D:1      | Reached XP level 2. HP: 16/16 MP: 3/3
   282 | D:1      | Reached skill level 3 in Ranged Weapons
   615 | D:1      | 615 ||| UPGRADING to +0 leather armour.
   625 | D:1      | 625 ||| DROPPING +0 robe.
   626 | D:1      | 626 ||| UPGRADING to amulet of reflection.
   631 | D:1      | 631 ||| READING scroll labelled POUVAROSUF.
   632 | D:1      | 632 ||| READING scroll labelled DOJYAT BEZ MURIA.
   632 | D:1      | Identified a scroll of acquirement
   632 | D:1      | 632 ||| ACQUIRING +4 orcbow of flaming
   632 | D:1      | Acquired a +4 orcbow of flaming
   634 | D:1      | 634 ||| SWAPPING to +4 orcbow of flaming.
   635 | D:1      | 635 ||| DROPPING +2 sling.
   636 | D:1      | 636 ||| READING scroll labelled SUAREKLIRHONGA.
   637 | D:1      | 637 ||| READING 2 scrolls labelled LUAXYC BOZIALL.
   638 | D:1      | 638 ||| DROPPING scroll of poison.
   679 | D:2      | 679 ||| STAIRDANCE
   701 | D:2      | 701 ||| STAIRDANCE
   704 | D:1      | Reached XP level 3. HP: 18/21 MP: 4/4
   720 | D:2      | 720 ||| STAIRDANCE
   760 | D:2      | Noticed Robin
   767 | D:2      | Killed Robin
   958 | D:2      | Reached XP level 4. HP: 26/26 MP: 5/5
   969 | D:2      | Reached skill level 4 in Ranged Weapons
  1139 | D:2      | Found a broken altar of Ashenzari.
  1397 | D:2      | 1397 ||| UPGRADING to +0 helmet.
  1402 | D:2      | 1402 ||| READING scroll labelled VOUVUI ONICHUOKLA.
  1403 | D:2      | 1403 ||| READING scroll labelled NENEPAOSHO.
  1404 | D:2      | 1404 ||| READING scroll labelled LOPAFE REANIEL.
  1407 | D:2      | 1407 ||| READING scroll labelled RASODA YWOSAE.
  1501 | D:3      | Found a shimmering altar of Xom.
  1501 | D:3      | Found a white marble altar of Elyvilon.
  1519 | D:3      | 1519 ||| READING scroll of enchant weapon.
  1519 | D:3      | 1519 ||| ENCHANTING +4 heavy orcbow.
  1742 | D:3      | Found a runed translucent door.
  1743 | D:3      | Noticed Crazy Yiuf
  2257 | D:3      | 2257 ||| UPGRADING to +0 ring mail.
  2267 | D:3      | 2267 ||| DROPPING +0 leather armour.
  2268 | D:3      | 2268 ||| DRINKING 2 viscous clear potions.
  2269 | D:3      | 2269 ||| DRINKING 2 golden potions.
  2270 | D:3      | 2270 ||| READING 2 scrolls of identify.
  2270 | D:3      | 2270 ||| IDENTIFYING fuming sapphire potion
  2359 | D:4      | Noticed Edmund
  2368 | D:4      | Slain by Edmund

Levels and vault maps discovered:
D:1:      dpeg_arrival_three_bigger_balls, layout_basic
D:2:      layout_loops_cross, basic_altar, uniq_robin
D:3:      layout_loops_corners, nicolae_overflow_two_pavilions,
          uniq_crazy_yiuf_cottage
D:4:      layout_basic, minmay_temple_entry_from_below_a, serial_shops,
          nicolae_shop_crystal, kennysheep_another_room, uniq_edmund,
          uniq_duvessa, uniq_grinder, uniq_eustachio

Skill      XL: |  1  2  3  4 |
---------------+-------------+-----
Ranged Weapons | 3 4 |  4.5
Fighting       | 2 |  2.0
Dodging        | |  1.5
Spellcasting   | |  1.0
Hexes          | |  2.6

Action                     |  1- 3 |  4- 6 || total
---------------------------+-------+-------++-------
   Fire: Sling             |    31 |       ||    31
         Orcbow            |    47 |    42 ||    89
    Use: Scroll            |     4 |     6 ||    10
         Potion            |       |     2 ||     2
 Armour: Leather armour    |    14 |     6 ||    20
         Robe              |     3 |       ||     3
         Ring mail         |       |     2 ||     2
  Dodge: Dodged            |    22 |     7 ||    29
  Block: Other             |     6 |     7 ||    13
         Reflection        |     1 |       ||     1

Table legend:
 A = Non-vault XP
 B = Vault XP
 C = Vault XP percentage of total XP
 D = Non-vault monster count
 E = Vault monster count
 F = Vault count percentage of total count
                 A         B        C        D         E       F
            +---------+---------+-------+---------+---------+-------
      Total |     110 |      39 |  26.2 |      39 |      13 |  25.0
            +---------+---------+-------+---------+---------+-------
        D:1 |      21 |       8 |  27.6 |      12 |       4 |  25.0
        D:2 |      66 |      31 |  32.0 |      21 |       9 |  30.0
        D:3 |      23 |       0 |   0.0 |       6 |       0 |   0.0
            +---------+---------+-------+---------+---------+-------
